Rivermen vs Griffins

Created - Wednesday, October 15, 2014 at 21:40

Goals
1 2 3 T
Rivermen 1 1 0 2
Griffins 2 0 2 4
Shots
1 2 3 T
Rivermen 8 5 5 18
Griffins 6 7 10 23

1st period

1. Rivermen , Ryan Reaves 1 (Brian Gibbons) at 0:56
2. Griffins , Brad Hunt 1 (Adam Clendening) at 5:01
3. Griffins , Douglas Murray 1 (Zenon Konopka) at 16:08

Penalties :
Zenon Konopka (GRG) for Fighting (Major) at 1:33, Ryan Reaves (Peo) for Fighting (Major) at 1:33, Mitchell Heard (GRG) for Goalie Interference (Minor) at 13:33

2nd period

4. Rivermen , J.T. Brown 3 (Mark Stone, Blair Jones) at 0:26

Penalties :
Ryan Reaves (Peo) for Hooking (Minor) at 15:42

3rd period

5. Griffins , Tyler Pitlick 1 (Derek Meech) at 2:56
6. Griffins , Brad Hunt 2 (Adam Clendening) at 19:15

Penalties :
Mark Mancari (GRG) for Fighting (Major) at 2:59, Ryan Reaves (Peo) for Fighting (Major) at 2:59

Goalie Stats

Tyler Bunz (Peo), 19 saves from 23 shots - (0.826), L, 1-4-0, 60:00 minutes
Joe Cannata (GRG), 16 saves from 18 shots - (0.889), W, 1-3-1, 60:00 minutes

Players Stats for Rivermen

Player Name              G  A  P  +/- PIM S  H  SB GA TA FO     MP     PP MP  PK MP  
------------------------------------------------------------------------------------
Anton Belov              0  0  0   0  0   2  1  3  0  1  0/0    23:49   1:08   1:25 
Blair Jones              0  1  1   0  0   0  3  0  1  1  3/10   20:30   0:48   0:44 
Brian Gibbons            0  1  1   1  0   4  0  1  6  0  3/6    18:08   0:51   0:33 
Brian O'Neill            0  0  0  -2  0   0  0  0  0  1  0/0    17:21   0:00   0:00 
Cody Goloubef            0  0  0  -2  0   1  2  0  0  0  0/0    16:28   0:00   0:00 
J.T. Brown               1  0  1   0  0   3  1  1  7  0  1/2    20:29   0:22   0:55 
Jeremy Morin             0  0  0  -2  0   1  2  0  2  0  0/0    16:47   0:00   0:52 
Joakim Nordstrom         0  0  0  -2  0   1  0  1  3  0  3/10   17:54   0:20   0:00 
Joe Piskula              0  0  0  -3  0   0  1  0  0  2  0/0    17:15   0:00   0:00 
Joe Whitney              0  0  0   1  0   2  1  0  0  2  0/1    18:23   0:51   0:23 
John Lee                 0  0  0   0  0   0  1  0  0  0  0/0     5:26   0:00   0:00 
Mark Stone               0  1  1   0  0   1  1  0  2  0  0/0    17:06   1:08   0:00 
Maxime Fortunus          0  0  0   0  0   0  0  1  0  1  0/0    19:43   0:51   0:34 
Nathan Longpre           0  0  0  -1  0   0  0  1  0  0  0/0     2:45   0:00   0:31 
Rob Davison              0  0  0   0  0   0  2  2  0  0  0/0    19:43   0:51   0:34 
Ryan Reaves              1  0  1   0  12  3  1  0  2  0  0/0    15:08   0:51   0:00 
Ryan Sproul              0  0  0   0  0   0  2  2  0  2  0/0    18:23   1:08   1:25 
Zack Phillips            0  0  0   0  0   0  2  0  0  0  1/4    12:40   0:46   0:00 

Players Stats for Griffins

Player Name              G  A  P  +/- PIM S  H  SB GA TA FO     MP     PP MP  PK MP  
------------------------------------------------------------------------------------
Adam Clendening          0  2  2   2  0   1  0  1  1  1  0/0    16:33   0:00   0:00 
Alexander Sulzer         0  0  0  -2  0   1  1  0  2  1  0/0    23:37   0:40   1:45 
Ben Eager                0  0  0   0  0   0  3  0  3  0  2/5    18:17   0:23   0:38 
Brad Hunt                2  0  2   0  0   4  1  0  1  3  0/0    27:40   1:03   1:45 
Daniel New               0  0  0   0  0   0  0  0  0  0  0/0     0:00   0:00   0:00 
David Musil              0  0  0   1  0   0  2  1  0  1  0/0    20:33   0:56   0:14 
Derek Meech              0  1  1   2  0   0  1  1  0  0  0/0    22:58   0:56   0:14 
Douglas Murray           1  0  1   1  0   4  1  1  0  0  0/0    13:41   0:23   0:00 
John McFarland           0  0  0  -1  0   3  0  0  2  1  0/0    20:33   0:52   0:42 
Jordan Owens             0  0  0   2  0   1  2  1  0  1  0/0    18:24   0:45   0:14 
Kellan Lain              0  0  0   1  0   0  0  0  0  0  0/0     0:40   0:00   0:00 
Mark Mancari             0  0  0   1  5   0  3  0  2  0  3/6    20:51   0:22   0:52 
Matt Marquardt           0  0  0   1  0   0  0  0  1  1  1/2     9:38   0:23   0:00 
Mike Angelidis           0  0  0   1  0   0  0  0  0  0  0/0     8:17   0:22   0:25 
Mitchell Heard           0  0  0  -1  2   0  4  0  0  0  0/0    19:29   0:52   0:00 
Paul Thompson            0  0  0   2  0   2  0  1  0  0  1/1    17:41   0:43   0:00 
Tyler Pitlick            1  0  1   0  0   3  1  0  0  2  8/10   20:32   0:44   0:42 
Zenon Konopka            0  1  1   0  5   4  5  0  2  0  7/9    18:34   0:31   0:25 

3 Stars

1 - Brad Hunt (GRG)
2 - Adam Clendening (GRG)
3 - Douglas Murray (GRG)

Power Play

Rivermen - 0 on 1 Attempt(s) - 0.00%
Griffins - 0 on 1 Attempt(s) - 0.00%

Penalty Kill

Rivermen - 1 on 1 Attempt(s) - 100.00% - Score 0 goal in Penalty Kill
Griffins - 1 on 1 Attempt(s) - 100.00% - Score 0 goal in Penalty Kill

Official

Referees : Unknown
Linesman : Unknown

Game Notes

Zenon Konopka and Ryan Reaves fight to a draw at 1:33 of 1st period
Mark Mancari and Ryan Reaves fight to a draw at 2:59 of 3rd period

Finance

Level 1 -- Attendance: 1381 (69.05%) -- Ticket Income $48,335
Level 2 -- Attendance: 738 (73.80%) -- Ticket Income $11,070
Total Attendance: 2119 (70.63%)
Total Ticket Income: $59,405
Other Income: $29,108
Total Income: $88,513

Rivermen

5 vs 5 Forward 
   Center                   Left Wing                Right Wing               Time % Phy DF OF 
 1 Blair Jones              J.T. Brown               Mark Stone               35     1   2  2  
 2 Brian Gibbons            Joe Whitney              Ryan Reaves              30     1   2  2  
 3 Joakim Nordstrom         Jeremy Morin             Brian O'Neill            22     1   2  2  
 4 Zack Phillips            J.T. Brown               Blair Jones              13     1   2  2  

5 vs 5 Defense 
   Defense                  Defense                                           Time % Phy DF OF 
 1 Anton Belov              Ryan Sproul                                       35     1   2  2  
 2 Rob Davison              Maxime Fortunus                                   30     1   2  2  
 3 Cody Goloubef            Joe Piskula                                       22     1   2  2  
 4 John Lee                 Anton Belov                                       13     1   2  2  

PowerPlay Forward 
   Center                   Left Wing                Right Wing               Time % Phy DF OF 
 1 Blair Jones              J.T. Brown               Mark Stone               60     1   2  2  
 2 Brian Gibbons            Joe Whitney              Ryan Reaves              40     1   2  2  

PowerPlay Defense
   Defense                  Defense                                           Time % Phy DF OF 
 1 Anton Belov              Ryan Sproul                                       60     1   2  2  
 2 Rob Davison              Maxime Fortunus                                   40     1   2  2  

Penalty Kill 4 Players Forward 
   Center                   Wing                     Time % Phy DF OF 
 1 J.T. Brown               Blair Jones              60     1   2  2  
 2 Brian Gibbons            Mark Stone               40     1   2  2  

Penalty Kill 4 Players Defense
   Defense                  Defense                  Time % Phy DF OF 
 1 Anton Belov              Ryan Sproul              60     1   2  2  
 2 Rob Davison              Maxime Fortunus          40     1   2  2  

Penalty Kill - 3 Players Forward 
   Forward                                           Time % Phy DF OF 
 1 J.T. Brown                                        60     1   2  2  
 2 Blair Jones                                       40     1   2  2  

Penalty Kill - 3 Players Defense
   Defense                  Defense                  Time % Phy DF OF 
 1 Anton Belov              Ryan Sproul              60     1   2  2  
 2 Rob Davison              Maxime Fortunus          40     1   2  2  

4 vs 4 Forward 
   Center                   Wing                     Time % Phy DF OF 
 1 J.T. Brown               Blair Jones              60     1   2  2  
 2 Brian Gibbons            Mark Stone               40     1   2  2  

4 vs 4 Defense
   Defense                  Defense                  Time % Phy DF OF 
 1 Anton Belov              Ryan Sproul              60     1   2  2  
 2 Rob Davison              Maxime Fortunus          40     1   2  2  

Last Minutes Offensive
   Center                   Left Wing                Right Wing               Defense                  Defense                  
   Blair Jones              J.T. Brown               Mark Stone               Anton Belov              Ryan Sproul              

Last Minutes Defensive
   Center                   Left Wing                Right Wing               Defense                  Defense                  
   Blair Jones              J.T. Brown               Mark Stone               Anton Belov              Ryan Sproul              

Goaltenders
Starting : Tyler Bunz               
Backup : Jared Coreau             

Extra Forwards
Normal : Joakim Nordstrom, Zack Phillips, Jeremy Morin - PP : Joakim Nordstrom, Zack Phillips - PK : Jeremy Morin
Extra Defensemen
Normal : Cody Goloubef, Joe Piskula, John Lee - PP : Cody Goloubef - PK : Joe Piskula, John Lee
Penalty Shots
J.T. Brown, Blair Jones, Brian Gibbons, Mark Stone, Ryan Reaves

Griffins

5 vs 5 Forward 
   Center                   Left Wing                Right Wing               Time % Phy DF OF 
 1 Tyler Pitlick            Jordan Owens             Mark Mancari             35     1   2  2  
 2 Zenon Konopka            Mitchell Heard           John McFarland           30     1   2  2  
 3 Ben Eager                Mark Mancari             Paul Thompson            22     1   2  2  
 4 Mark Mancari             John McFarland           Tyler Pitlick            13     1   2  2  

5 vs 5 Defense 
   Defense                  Defense                                           Time % Phy DF OF 
 1 Alexander Sulzer         Brad Hunt                                         35     1   2  2  
 2 Derek Meech              David Musil                                       30     1   2  2  
 3 Adam Clendening          Brad Hunt                                         22     1   2  2  
 4 Douglas Murray           Derek Meech                                       13     1   2  2  

PowerPlay Forward 
   Center                   Left Wing                Right Wing               Time % Phy DF OF 
 1 Tyler Pitlick            Jordan Owens             Mark Mancari             60     1   2  2  
 2 Paul Thompson            Mitchell Heard           John McFarland           40     1   2  2  

PowerPlay Defense
   Defense                  Defense                                           Time % Phy DF OF 
 1 Alexander Sulzer         Brad Hunt                                         60     1   2  2  
 2 Derek Meech              David Musil                                       40     1   2  2  

Penalty Kill 4 Players Forward 
   Center                   Wing                     Time % Phy DF OF 
 1 Mark Mancari             John McFarland           60     1   2  2  
 2 Tyler Pitlick            Paul Thompson            40     1   2  2  

Penalty Kill 4 Players Defense
   Defense                  Defense                  Time % Phy DF OF 
 1 Alexander Sulzer         Brad Hunt                60     1   2  2  
 2 Derek Meech              David Musil              40     1   2  2  

Penalty Kill - 3 Players Forward 
   Forward                                           Time % Phy DF OF 
 1 Mark Mancari                                      60     1   2  2  
 2 John McFarland                                    40     1   2  2  

Penalty Kill - 3 Players Defense
   Defense                  Defense                  Time % Phy DF OF 
 1 Alexander Sulzer         Brad Hunt                60     1   2  2  
 2 Derek Meech              David Musil              40     1   2  2  

4 vs 4 Forward 
   Center                   Wing                     Time % Phy DF OF 
 1 Mark Mancari             John McFarland           60     1   2  2  
 2 Tyler Pitlick            Paul Thompson            40     1   2  2  

4 vs 4 Defense
   Defense                  Defense                  Time % Phy DF OF 
 1 Alexander Sulzer         Brad Hunt                60     1   2  2  
 2 Derek Meech              David Musil              40     1   2  2  

Last Minutes Offensive
   Center                   Left Wing                Right Wing               Defense                  Defense                  
   Tyler Pitlick            Jordan Owens             Mark Mancari             Alexander Sulzer         Brad Hunt                

Last Minutes Defensive
   Center                   Left Wing                Right Wing               Defense                  Defense                  
   Tyler Pitlick            Jordan Owens             Mark Mancari             Alexander Sulzer         Brad Hunt                

Goaltenders
Starting : Joe Cannata              
Backup : Farm Player81            

Extra Forwards
Normal : Mark Mancari, Tyler Pitlick, John McFarland - PP : Mark Mancari, Tyler Pitlick - PK : Mark Mancari
Extra Defensemen
Normal : Brad Hunt, Derek Meech, David Musil - PP : Brad Hunt - PK : Brad Hunt, Derek Meech
Penalty Shots
Mark Mancari, John McFarland, Tyler Pitlick, Paul Thompson, Jordan Owens

% Time on Ice - Rivermen

Lines # - Real PCT - Wanted PCT - Time Play
Normal Forward
1 - 29% - 35% - 16:24
2 - 29% - 30% - 16:23
3 - 28% - 22% - 15:52
4 - 13% - 13% - 7:23
Normal Defense
1 - 28% - 35% - 15:50
2 - 33% - 30% - 18:18
3 - 29% - 22% - 16:28
4 - 10% - 13% - 5:26
PP Forward
1 - 57% - 60% - 1:08
2 - 43% - 40% - 0:51
PP Defense
1 - 57% - 60% - 1:08
2 - 43% - 40% - 0:51
PK Forward
1 - 100% - 60% - 1:59
2 - 0% - 40% - 0:00
PK Defense
1 - 71% - 60% - 1:25
2 - 29% - 40% - 0:34
PK3 Forward
1 - 0% - 60%
2 - 0% - 40%
PK3 Defense
1 - 0% - 60%
2 - 0% - 40%
44 Forward
1 - 0% - 60%
2 - 0% - 40%
44 Defense
1 - 0% - 60%
2 - 0% - 40%
Last Minute Offensive  - 0:00
Last Minute Defensive  - 0:00
Total
Forward - 60:00
Defense - 60:00

% Time on Ice - Griffins

Lines # - Real PCT - Wanted PCT - Time Play
Normal Forward
1 - 31% - 35% - 17:27
2 - 34% - 30% - 19:18
3 - 25% - 22% - 13:55
4 - 10% - 13% - 5:22
Normal Defense
1 - 28% - 35% - 15:32
2 - 26% - 30% - 14:22
3 - 29% - 22% - 16:11
4 - 18% - 13% - 9:57
PP Forward
1 - 56% - 60% - 1:07
2 - 44% - 40% - 0:52
PP Defense
1 - 53% - 60% - 1:03
2 - 47% - 40% - 0:56
PK Forward
1 - 100% - 60% - 1:59
2 - 0% - 40% - 0:00
PK Defense
1 - 88% - 60% - 1:45
2 - 12% - 40% - 0:14
PK3 Forward
1 - 0% - 60%
2 - 0% - 40%
PK3 Defense
1 - 0% - 60%
2 - 0% - 40%
44 Forward
1 - 0% - 60%
2 - 0% - 40%
44 Defense
1 - 0% - 60%
2 - 0% - 40%
Last Minute Offensive  - 0:00
Last Minute Defensive  - 0:00
Total
Forward - 60:00
Defense - 60:00

Play by Play

1st period


0:01 of 1st period - Blair Jones wins face-off versus Tyler Pitlick in neutral zone.
0:04 of 1st period - Wrist shot by Mark Stone.
0:04 of 1st period - Deflect By J.T. Brown.
0:04 of 1st period - Stopped by Joe Cannata with a rebound.
0:56 of 1st period - Wrist shot by Ryan Reaves.
0:56 of 1st period - Goal by Ryan Reaves - Rivermen : 1 - Griffins : 0.
0:57 of 1st period - Joakim Nordstrom wins face-off versus Ben Eager in neutral zone.
1:00 of 1st period - Snap shot by Joakim Nordstrom.
1:00 of 1st period - Shot Misses the Net.
1:02 of 1st period - Slapshot by Jeremy Morin.
1:02 of 1st period - Shot Misses the Net.
1:04 of 1st period - Slapshot by Brian O'Neill.
1:04 of 1st period - Shot Blocked by Paul Thompson.
1:08 of 1st period - Snap shot by Joakim Nordstrom.
1:08 of 1st period - Shot Misses the Net.
1:25 of 1st period - Slapshot by Cody Goloubef.
1:25 of 1st period - Stopped by Joe Cannata without a rebound.
1:26 of 1st period - Brian Gibbons wins face-off versus Zenon Konopka in Griffins zone.
1:33 of 1st period - Zenon Konopka and Ryan Reaves fight to a draw.
1:33 of 1st period - Penalty to Zenon Konopka for Fighting.
1:33 of 1st period - Penalty to Ryan Reaves for Fighting.
1:34 of 1st period - Mark Mancari wins face-off versus Zack Phillips in Griffins zone.
1:40 of 1st period - Off-side.
1:41 of 1st period - Zack Phillips wins face-off versus Mark Mancari in neutral zone.
2:16 of 1st period - Snap shot by J.T. Brown.
2:16 of 1st period - Stopped by Joe Cannata with a rebound.
2:47 of 1st period - Off-side.
2:48 of 1st period - Tyler Pitlick wins face-off versus Joakim Nordstrom in neutral zone.
3:17 of 1st period - Wrist shot by Paul Thompson.
3:17 of 1st period - Stopped by Tyler Bunz with a rebound.
3:27 of 1st period - Derek Meech is hit by John Lee and loses puck.
5:01 of 1st period - Slapshot by Brad Hunt.
5:01 of 1st period - Goal by Brad Hunt - Rivermen : 1 - Griffins : 1.
5:02 of 1st period - Blair Jones wins face-off versus Tyler Pitlick in neutral zone.
6:19 of 1st period - Snap shot by Brad Hunt.
6:19 of 1st period - Stopped by Tyler Bunz without a rebound.
6:20 of 1st period - J.T. Brown wins face-off versus Ben Eager in Rivermen zone.
7:56 of 1st period - Blair Jones is hit by Mitchell Heard and loses puck.
8:05 of 1st period - Derek Meech is hit by Mark Stone and loses puck.
8:39 of 1st period - Joakim Nordstrom is hit by Mitchell Heard and loses puck.
8:46 of 1st period - Zenon Konopka is hit by Jeremy Morin and loses puck.
9:15 of 1st period - Slapshot by Brad Hunt.
9:15 of 1st period - Shot Misses the Net.
9:29 of 1st period - Alexander Sulzer is hit by Blair Jones.
9:56 of 1st period - Snap shot by Ben Eager.
9:56 of 1st period - Shot Misses the Net.
9:58 of 1st period - Slapshot by Adam Clendening.
9:58 of 1st period - Shot Misses the Net.
10:00 of 1st period - Wrist shot by Brad Hunt.
10:00 of 1st period - Stopped by Tyler Bunz with a rebound.
10:02 of 1st period - Backhand shot by Jordan Owens.
10:02 of 1st period - Deflect By Paul Thompson.
10:02 of 1st period - Shot Blocked by Brian Gibbons.
10:02 of 1st period - Puck is out of play.
10:03 of 1st period - Ben Eager wins face-off versus Joakim Nordstrom in Rivermen zone.
10:22 of 1st period - Snap shot by Jeremy Morin.
10:22 of 1st period - Shot Blocked by Derek Meech.
10:45 of 1st period - Slapshot by Adam Clendening.
10:45 of 1st period - Deflect By Paul Thompson.
10:45 of 1st period - Stopped by Tyler Bunz with a rebound.
11:02 of 1st period - Icing by Brad Hunt.
11:03 of 1st period - Tyler Pitlick wins face-off versus Joakim Nordstrom in Griffins zone.
13:18 of 1st period - Douglas Murray is hit by J.T. Brown and loses puck.
13:33 of 1st period - Minor Penalty to Mitchell Heard for Goalie Interference.
13:34 of 1st period - Mark Mancari wins face-off versus Blair Jones in Griffins zone.
14:14 of 1st period - Wrist shot by Brian Gibbons.
14:14 of 1st period - Stopped by Joe Cannata with a rebound.
15:33 of 1st period - Penalty to Mitchell Heard is over, Mitchell Heard is back on ice.
16:08 of 1st period - Slapshot by Douglas Murray.
16:08 of 1st period - Goal by Douglas Murray - Rivermen : 1 - Griffins : 2.
16:09 of 1st period - Joakim Nordstrom wins face-off versus Ben Eager in neutral zone.
16:30 of 1st period - Mark Mancari is hit by Cody Goloubef and loses puck.
16:50 of 1st period - Wrist shot by Blair Jones.
16:50 of 1st period - Deflect By Mark Stone.
16:50 of 1st period - Shot Misses the Net.
16:50 of 1st period - Puck is out of play.
16:51 of 1st period - Zenon Konopka wins face-off versus Blair Jones in Griffins zone.
17:35 of 1st period - Off-side.
17:36 of 1st period - Zenon Konopka wins face-off versus Brian Gibbons in neutral zone.
17:59 of 1st period - Snap shot by Brian Gibbons.
17:59 of 1st period - Stopped by Joe Cannata with a rebound.
18:19 of 1st period - Snap shot by Joakim Nordstrom.
18:19 of 1st period - Shot Misses the Net.
18:21 of 1st period - Slapshot by Rob Davison.
18:21 of 1st period - Shot Misses the Net.
18:23 of 1st period - Slapshot by Maxime Fortunus.
18:23 of 1st period - Shot Misses the Net.
18:25 of 1st period - Snap shot by Joakim Nordstrom.
18:25 of 1st period - Shot Blocked by David Musil.
18:27 of 1st period - Slapshot by Anton Belov.
18:27 of 1st period - Deflect By Joakim Nordstrom.
18:27 of 1st period - Stopped by Joe Cannata with a rebound.
18:29 of 1st period - Slapshot by Anton Belov.
18:29 of 1st period - Deflect By Ben Eager.
18:29 of 1st period - Stopped by Joe Cannata without a rebound.
18:30 of 1st period - Mark Mancari wins face-off versus Zack Phillips in Griffins zone.
18:35 of 1st period - J.T. Brown is hit by Jordan Owens and loses puck.
19:02 of 1st period - Snap shot by Alexander Sulzer.
19:02 of 1st period - Shot Blocked by Joakim Nordstrom.
19:22 of 1st period - Brian Gibbons is hit by Mitchell Heard and loses puck.
Goals for this period are 1 for Rivermen vs 2 for Griffins.
Shots for this period are 8 for Rivermen vs 6 for Griffins.

2nd period


0:01 of 2nd period - Tyler Pitlick wins face-off versus Blair Jones in neutral zone.
0:14 of 2nd period - Wrist shot by Blair Jones.
0:14 of 2nd period - Shot Misses the Net.
0:16 of 2nd period - Snap shot by Mark Stone.
0:16 of 2nd period - Shot Misses the Net.
0:18 of 2nd period - Slapshot by Blair Jones.
0:18 of 2nd period - Shot Misses the Net.
0:24 of 2nd period - Slapshot by Mark Stone.
0:24 of 2nd period - Stopped by Joe Cannata with a rebound.
0:26 of 2nd period - Wrist shot by J.T. Brown.
0:26 of 2nd period - Goal by J.T. Brown - Rivermen : 2 - Griffins : 2.
0:27 of 2nd period - Brian Gibbons wins face-off versus Mark Mancari in neutral zone.
0:30 of 2nd period - Brad Hunt is hit by Ryan Sproul and loses puck.
0:53 of 2nd period - Snap shot by Joe Whitney.
0:53 of 2nd period - Stopped by Joe Cannata with a rebound.
1:13 of 2nd period - Snap shot by Mark Stone.
1:13 of 2nd period - Shot Misses the Net.
1:46 of 2nd period - Snap shot by John McFarland.
1:46 of 2nd period - Stopped by Tyler Bunz without a rebound.
1:47 of 2nd period - Zenon Konopka wins face-off versus Joakim Nordstrom in Rivermen zone.
2:30 of 2nd period - David Musil is hit by Jeremy Morin and loses puck.
3:07 of 2nd period - Wrist shot by Joe Whitney.
3:07 of 2nd period - Stopped by Joe Cannata with a rebound.
3:09 of 2nd period - Slapshot by Maxime Fortunus.
3:09 of 2nd period - Shot Blocked by Jordan Owens.
3:35 of 2nd period - Snap shot by Zenon Konopka.
3:35 of 2nd period - Stopped by Tyler Bunz with a rebound.
3:37 of 2nd period - Snap shot by Zenon Konopka.
3:37 of 2nd period - Stopped by Tyler Bunz with a rebound.
4:37 of 2nd period - Wrist shot by Tyler Pitlick.
4:37 of 2nd period - Shot Misses the Net.
4:39 of 2nd period - Wrist shot by Douglas Murray.
4:39 of 2nd period - Shot Misses the Net.
4:57 of 2nd period - Brian O'Neill is hit by Mitchell Heard and loses puck.
6:21 of 2nd period - Tyler Pitlick is hit by Blair Jones and loses puck.
9:41 of 2nd period - Slapshot by Douglas Murray.
9:41 of 2nd period - Stopped by Tyler Bunz with a rebound.
9:47 of 2nd period - Joe Whitney is hit by David Musil and loses puck.
10:19 of 2nd period - Adam Clendening is hit by Blair Jones.
10:39 of 2nd period - Zenon Konopka is hit by Joe Whitney and loses puck.
10:46 of 2nd period - Slapshot by Ryan Reaves.
10:46 of 2nd period - Stopped by Joe Cannata without a rebound.
10:47 of 2nd period - Zenon Konopka wins face-off versus Brian Gibbons in Griffins zone.
11:17 of 2nd period - Icing by Matt Marquardt.
11:18 of 2nd period - Matt Marquardt wins face-off versus Blair Jones in Griffins zone.
11:37 of 2nd period - Brian O'Neill is hit by David Musil and loses puck.
12:35 of 2nd period - Snap shot by J.T. Brown.
12:35 of 2nd period - Shot Misses the Net.
12:59 of 2nd period - Snap shot by Jeremy Morin.
12:59 of 2nd period - Shot Blocked by Douglas Murray.
13:17 of 2nd period - Joe Piskula is hit by Derek Meech and loses puck.
13:48 of 2nd period - Zack Phillips is hit by Ben Eager and loses puck.
14:13 of 2nd period - Wrist shot by Tyler Pitlick.
14:13 of 2nd period - Stopped by Tyler Bunz without a rebound.
14:14 of 2nd period - Joakim Nordstrom wins face-off versus Matt Marquardt in Rivermen zone.
14:23 of 2nd period - Wrist shot by Jeremy Morin.
14:23 of 2nd period - Shot Misses the Net.
14:39 of 2nd period - Anton Belov is hit by Alexander Sulzer and loses puck.
14:48 of 2nd period - Snap shot by Alexander Sulzer.
14:48 of 2nd period - Stopped by Tyler Bunz with a rebound.
14:50 of 2nd period - Slapshot by Adam Clendening.
14:50 of 2nd period - Shot Misses the Net.
14:52 of 2nd period - Wrist shot by Alexander Sulzer.
14:52 of 2nd period - Shot Misses the Net.
15:11 of 2nd period - Douglas Murray is hit by Rob Davison and loses puck.
15:14 of 2nd period - Slapshot by Douglas Murray.
15:14 of 2nd period - Shot Hit the Post.
15:42 of 2nd period - Minor Penalty to Ryan Reaves for Hooking.
15:43 of 2nd period - Paul Thompson wins face-off versus J.T. Brown in Rivermen zone.
15:44 of 2nd period - Snap shot by Alexander Sulzer.
15:44 of 2nd period - Shot Blocked by Anton Belov.
15:46 of 2nd period - Snap shot by John McFarland.
15:46 of 2nd period - Shot Blocked by J.T. Brown.
15:48 of 2nd period - Snap shot by John McFarland.
15:48 of 2nd period - Shot Blocked by Ryan Sproul.
15:50 of 2nd period - Slapshot by Brad Hunt.
15:50 of 2nd period - Shot Blocked by Ryan Sproul.
15:52 of 2nd period - Slapshot by Alexander Sulzer.
15:52 of 2nd period - Shot Blocked by Anton Belov.
16:21 of 2nd period - Joe Whitney is hit by Jordan Owens and loses puck.
16:46 of 2nd period - Wrist shot by Jeremy Morin.
16:46 of 2nd period - Shot Misses the Net.
17:07 of 2nd period - Nathan Longpre is hit by Douglas Murray and loses puck.
17:14 of 2nd period - Wrist shot by Jordan Owens.
17:14 of 2nd period - Shot Misses the Net.
17:16 of 2nd period - Slapshot by Douglas Murray.
17:16 of 2nd period - Stopped by Tyler Bunz with a rebound.
17:42 of 2nd period - Penalty to Ryan Reaves is over, Ryan Reaves is back on ice.
17:48 of 2nd period - Slapshot by Alexander Sulzer.
17:48 of 2nd period - Deflect By Zenon Konopka.
17:48 of 2nd period - Shot Misses the Net.
17:48 of 2nd period - Puck is out of play.
17:49 of 2nd period - Zenon Konopka wins face-off versus Joakim Nordstrom in Rivermen zone.
18:10 of 2nd period - Brad Hunt is hit by Cody Goloubef and loses puck.
18:41 of 2nd period - Matt Marquardt is hit by Joe Piskula and loses puck.
19:11 of 2nd period - Ryan Reaves is hit by Ben Eager.
19:43 of 2nd period - Joakim Nordstrom is hit by Zenon Konopka and loses puck.
19:56 of 2nd period - Brad Hunt is hit by Zack Phillips and loses puck.
Goals for this period are 1 for Rivermen vs 0 for Griffins.
Shots for this period are 5 for Rivermen vs 7 for Griffins.

3rd period


0:01 of 3rd period - Tyler Pitlick wins face-off versus Blair Jones in neutral zone.
0:29 of 3rd period - Anton Belov is hit by Mark Mancari.
1:02 of 3rd period - Joe Whitney is hit by Zenon Konopka and loses puck.
1:29 of 3rd period - Snap shot by Ryan Reaves.
1:29 of 3rd period - Stopped by Joe Cannata with a rebound.
1:47 of 3rd period - Snap shot by Jeremy Morin.
1:47 of 3rd period - Shot Misses the Net.
1:49 of 3rd period - Slapshot by Cody Goloubef.
1:49 of 3rd period - Shot Misses the Net.
1:55 of 3rd period - Wrist shot by Jeremy Morin.
1:55 of 3rd period - Stopped by Joe Cannata without a rebound.
1:56 of 3rd period - Ben Eager wins face-off versus Zack Phillips in Griffins zone.
1:56 of 3rd period - Ben Eager is hit by Zack Phillips.
2:38 of 3rd period - Snap shot by Jeremy Morin.
2:38 of 3rd period - Deflect By Adam Clendening.
2:38 of 3rd period - Shot Misses the Net.
2:38 of 3rd period - Puck is out of play.
2:39 of 3rd period - Tyler Pitlick wins face-off versus Joakim Nordstrom in Griffins zone.
2:44 of 3rd period - Wrist shot by Jordan Owens.
2:44 of 3rd period - Stopped by Tyler Bunz with a rebound.
2:46 of 3rd period - Snap shot by Tyler Pitlick.
2:46 of 3rd period - Shot Blocked by Anton Belov.
2:56 of 3rd period - Slapshot by Tyler Pitlick.
2:56 of 3rd period - Goal by Tyler Pitlick - Rivermen : 2 - Griffins : 3.
2:57 of 3rd period - Tyler Pitlick wins face-off versus Brian Gibbons in neutral zone.
2:59 of 3rd period - Mark Mancari and Ryan Reaves fight to a draw.
2:59 of 3rd period - Penalty to Mark Mancari for Fighting.
2:59 of 3rd period - Penalty to Ryan Reaves for Fighting.
3:00 of 3rd period - Blair Jones wins face-off versus Zenon Konopka in Rivermen zone.
3:13 of 3rd period - Slapshot by Zenon Konopka.
3:13 of 3rd period - Deflect By John McFarland.
3:13 of 3rd period - Stopped by Tyler Bunz with a rebound.
3:15 of 3rd period - Backhand shot by Alexander Sulzer.
3:15 of 3rd period - Shot Misses the Net.
3:17 of 3rd period - Slapshot by Alexander Sulzer.
3:17 of 3rd period - Deflect By Zenon Konopka.
3:17 of 3rd period - Shot Misses the Net.
3:17 of 3rd period - Puck is out of play.
3:18 of 3rd period - Zenon Konopka wins face-off versus Blair Jones in Rivermen zone.
4:01 of 3rd period - Brad Hunt is hit by Anton Belov and loses puck.
4:24 of 3rd period - Slapshot by Maxime Fortunus.
4:24 of 3rd period - Shot Misses the Net.
4:32 of 3rd period - Snap shot by Brian Gibbons.
4:32 of 3rd period - Stopped by Joe Cannata with a rebound.
4:56 of 3rd period - Wrist shot by John McFarland.
4:56 of 3rd period - Shot Misses the Net.
5:45 of 3rd period - Brian Gibbons is hit by Tyler Pitlick and loses puck.
5:58 of 3rd period - Slapshot by Anton Belov.
5:58 of 3rd period - Deflect By Brian Gibbons.
5:58 of 3rd period - Stopped by Joe Cannata without a rebound.
5:59 of 3rd period - Tyler Pitlick wins face-off versus Joe Whitney in Griffins zone.
6:40 of 3rd period - Anton Belov is hit by Zenon Konopka and loses puck.
6:53 of 3rd period - Mark Stone is hit by Zenon Konopka and loses puck.
7:01 of 3rd period - Slapshot by Derek Meech.
7:01 of 3rd period - Shot Misses the Net.
7:03 of 3rd period - Snap shot by Douglas Murray.
7:03 of 3rd period - Shot Blocked by Rob Davison.
7:27 of 3rd period - Backhand shot by Alexander Sulzer.
7:27 of 3rd period - Shot Misses the Net.
7:39 of 3rd period - Wrist shot by Zenon Konopka.
7:39 of 3rd period - Shot Misses the Net.
7:45 of 3rd period - Wrist shot by Tyler Pitlick.
7:45 of 3rd period - Stopped by Tyler Bunz with a rebound.
7:47 of 3rd period - Snap shot by David Musil.
7:47 of 3rd period - Shot Misses the Net.
7:49 of 3rd period - Backhand shot by John McFarland.
7:49 of 3rd period - Stopped by Tyler Bunz with a rebound.
8:12 of 3rd period - Douglas Murray is hit by Rob Davison and loses puck.
8:30 of 3rd period - Off-side.
8:31 of 3rd period - Brian Gibbons wins face-off versus Mark Mancari in neutral zone.
9:12 of 3rd period - Derek Meech is hit by Ryan Sproul and loses puck.
10:01 of 3rd period - Brian Gibbons is hit by Mark Mancari and loses puck.
11:14 of 3rd period - Wrist shot by Ryan Reaves.
11:14 of 3rd period - Shot Blocked by Adam Clendening.
12:08 of 3rd period - Mark Stone is hit by Ben Eager and loses puck.
12:33 of 3rd period - Zack Phillips is hit by Brad Hunt and loses puck.
13:10 of 3rd period - Joe Whitney is hit by Zenon Konopka and loses puck.
13:17 of 3rd period - Wrist shot by Zenon Konopka.
13:17 of 3rd period - Shot Blocked by Rob Davison.
13:19 of 3rd period - Slapshot by Douglas Murray.
13:19 of 3rd period - Shot Blocked by Maxime Fortunus.
13:21 of 3rd period - Slapshot by Alexander Sulzer.
13:21 of 3rd period - Shot Blocked by Nathan Longpre.
15:55 of 3rd period - Wrist shot by Zenon Konopka.
15:55 of 3rd period - Deflect By Mark Stone.
15:55 of 3rd period - Stopped by Tyler Bunz with a rebound.
15:57 of 3rd period - Slapshot by Adam Clendening.
15:57 of 3rd period - Stopped by Tyler Bunz with a rebound.
16:13 of 3rd period - Slapshot by Douglas Murray.
16:13 of 3rd period - Stopped by Tyler Bunz with a rebound.
16:35 of 3rd period - Slapshot by Zenon Konopka.
16:35 of 3rd period - Stopped by Tyler Bunz without a rebound.
16:36 of 3rd period - Zenon Konopka wins face-off versus Joakim Nordstrom in Rivermen zone.
17:01 of 3rd period - Slapshot by Blair Jones.
17:01 of 3rd period - Shot Misses the Net.
17:03 of 3rd period - Slapshot by Anton Belov.
17:03 of 3rd period - Stopped by Joe Cannata with a rebound.
18:41 of 3rd period - Joe Piskula is hit by Mark Mancari and loses puck.
19:08 of 3rd period - Adam Clendening is hit by Ryan Reaves and loses puck.
19:15 of 3rd period - Slapshot by Brad Hunt.
19:15 of 3rd period - Goal by Brad Hunt - Rivermen : 2 - Griffins : 4.
19:16 of 3rd period - Tyler Pitlick wins face-off versus Blair Jones in neutral zone.
Goals for this period are 0 for Rivermen vs 2 for Griffins.
Shots for this period are 5 for Rivermen vs 10 for Griffins.


Output by the SimonT Hockey Simulator (STHS) for Eric Dolegowski -- Original Page W3C XHTML 1.0 Valid
Hockey Simulator - Hockey Simulation - Hockey Manager